 Dungeon Crawl Stone Soup version 0.31-a0-1002-g8e65716e6e (webtiles) character file.

Game seed: 4263871128553321687

7093 Chiseanne the Covert (level 11, 0/8 HPs)
             Began as an Octopode Wanderer on Nov 9, 2023.
             Was an Initiate of Gozag.
             Slain by a wight
             ... wielding a +0 spear
              (8 damage)
             ... on level 9 of the Dungeon.
             The game lasted 00:30:51 (7076 turns).

Chiseanne the Covert (Octopode Wanderer)            Turns: 7076, Time: 00:30:52

Health: 0/8        AC:  8    Str: 15    XL:     11   Next: 9%
Magic:  27/27      EV: 17    Int: 15    God:    Gozag
Gold:   756        SH:  0    Dex: 18    Spells: 18/20 levels left

rFire   . . .        a - melded +6 Majin-Bo {spellvamp, MP+6 Int+6}
rCold   . . .        (shield currently unavailable)
rNeg    . . .        c - melded +0 hat
rPois   ∞            e - amulet of regeneration
rElec   +            l - +6 ring of dexterity
rCorr   .            s - ring of magical power
SInv    .            G - +4 ring of protection
Will    .....        I - +4 ring of protection
Stlth   ++++++       (no ring)
HPRegen 1.01/turn    (no ring)
MPRegen 0.20/turn    (no ring)
                     (no ring)

%: no passive effects
@: storm-form, flying
A: cleaving, insubstantial, flying, reduced hp, almost no armour, amphibious, 8
rings, (camouflage 1), (gelatinous body 1), (nimble swimmer 1), (tentacles)
a: Blinkbolt, Begin Untransformation, Renounce Religion, Potion Petition, Call
Merchant, Bribe Branch


You were on level 9 of the Dungeon.
You worshipped Gozag.
Gozag was pleased with you.
You were a lightning-filled tempest!
You visited 2 branches of the dungeon, and saw 10 of its levels.
You also visited: Ossuary.

You collected 1166 gold pieces.
You spent 227 gold pieces at shops.
You paid 183 gold pieces to Gozag.

Inventory:

Hand Weapons
 a - the +6 Majin-Bo (melded) {spellvamp, MP+6 Int+6}
   (You acquired it on level 3 of the Dungeon)

   Int+6:     It affects your intelligence (+6).
   MP+6:      It affects your magic capacity (+6).
 p - the +10 dagger "Pexifrysm" {pain, rC++}
   (You found it on level 4 of the Dungeon)

   rC++:      It greatly protects you from cold.
 u - the +10 glaive "Dunkeaq" {heavy, Str+7}
   (You found it on level 7 of the Dungeon)

   Str+7:     It affects your strength (+7).
Missiles
 f - 80 stones
 h - 25 poisoned darts (quivered)
 m - 2 boomerangs
Armour
 c - a +0 hat (melded)
 E - an orb of energy
Jewellery
 e - an amulet of regeneration (around neck)
 l - a +6 ring of dexterity (left tentacle)
 s - a ring of magical power (right tentacle)
 G - a +4 ring of protection (on tentacle)
 I - a +4 ring of protection (on tentacle)
Talismans
 r - a beast talisman
 F - a storm talisman (active)
Wands
 q - a wand of flame (79)
 D - a wand of acid (18)
Scrolls
 d - a scroll of fear
 v - 2 scrolls of enchant weapon
 w - 2 scrolls of teleportation
 y - 2 scrolls of immolation
Potions
 g - 3 potions of heal wounds
 i - 3 potions of lignification
 j - a potion of cancellation
 k - 3 potions of magic
 n - 6 potions of haste
 o - 5 potions of brilliance
 t - 2 potions of might
 x - 6 potions of curing
 z - a potion of resistance {unknown}
 A - a potion of invisibility
 B - a potion of attraction
 C - a potion of enlightenment {unknown}
Miscellaneous
 b - a lightning rod (inert)
 H - a phial of floods (inert)


   Skills:
 * Level 9.2 Fighting
 - Level 2.0 Axes
 * Level 9.0 Dodging
 * Level 13.3 Stealth
 * Level 5.2 Spellcasting
 - Level 4.3 Evocations


You had 18 spell levels left.
You knew the following spells:

 Your Spells              Type           Power      Damage    Failure   Level
a - Searing Ray           Conj           6%         2d4       24%         2

Your spell library contained the following spells:

 Spells                   Type           Power      Damage    Failure   Level
 Magic Dart               Conj           12%        1d3       16%         1
 Necrotise                Necr           12%        1d4       16%         1
 Ensorcelled Hibernation  Hex/Ice        6%         N/A       24%         2
 Jinxbite                 Hex            6%         N/A       24%         2
 Gell's Gravitas          Tloc           3%         N/A       43%         3
 Teleport Other           Tloc           3%         N/A       43%         3
 Vampiric Draining        Necr           3%         2d6       43%         3
 Anguish                  Hex/Necr       1%         N/A       85%         4
 Fulminant Prism          Conj/Hex       1%         3d5       85%         4
 Agony                    Necr           3%         N/A       99%         5
 Dispersal                Tloc           1%         N/A       100%        6


Dungeon Overview and Level Annotations

Branches:
Dungeon (9/15)             Temple (1/1) D:7            Lair (0/5) D:9
Ossuary (visited)
    Orc: D:9-12

Altars:
Cheibriados
Dithmenos
Elyvilon
Fedhas
Gozag
Hepliaklqana
Kikubaaqudgha
Makhleb
Nemelex Xobeh
Okawaru
Qazlal
Ru
Sif Muna
Trog
Uskayaw
Vehumet
Wu Jian
Xom
Yredelemnul
Zin
The Shining One

Shops:
D:6 *:

Annotations:
D:3 1 runed translucent door, Tinttamiau's ghost, amateur DEAE
D:5 Sigmund
D:7 2 runed translucent doors


Innate Abilities, Weirdness & Mutations

You are a lightning-filled tempest!
Your electrical attacks strike out in all directions at once.
You are incredibly evasive.
Your insubstantial body is immune to petrification, constriction, and being set on fire You are flying.
Your maximum health is decreased, since you lack skill for your form.
Your armour is entirely melded.
You are incapable of wielding weapons or throwing items.
You cannot wear most types of armour.
You are amphibious.
You can wear up to eight rings at the same time.
You are immune to poison.
((Your skin changes colour to match your surroundings (Stealth+).))
((Your rubbery body absorbs attacks. (AC +1, EV +1)))
((You are camouflaged when in or above water. (Stealth+)))
((You have tentacles for arms and can constrict up to eight enemies at once.))


Message History

The darkness slowly releases its grasp on your magic.
You hit the wight but do no damage. The wight misses you.
You hit the wight.
The wight is lightly damaged.
The wight hits you with a +0 mace.
You closely miss the wight.
The wight is lightly damaged.
The wight barely misses you.
You hit the wight but do no damage.
The wight is lightly damaged.
The wight hits you with a +0 mace.
You barely miss the wight.
The wight is lightly damaged.
The wight closely misses you.
You closely miss the wight.
The wight is lightly damaged.
The wight completely misses you.
You hit the wight but do no damage.
The wight is lightly damaged.
The wight completely misses you.
You closely miss the wight.
The wight is lightly damaged.
The wight closely misses you.
You hit the wight. You punch the wight.
The wight is moderately damaged.
The wight hits you with a +0 mace!
Ouch! That really hurt!
* * * LOW HITPOINT WARNING * * *
You hit the wight but do no damage.
The wight is moderately damaged.
The wight barely misses you. The wight misses you.
The wight attacks as it pursues you! The wight hits you but does no damage.
The wight attacks as it pursues you! The wight hits you but does no damage.
The wight barely misses you. The wight closely misses you.
The wight attacks as it pursues you! The wight misses you.
The wight attacks as it pursues you!
The wight hits you from afar with a +0 spear!
Ouch! That really hurt!
You die...
Your body crumbles into a pile of gold.

########.............
.........#.######....
.#...)..............##
....######.#######...
..#........# #.#
....#####..# #z# ####
.#.## #..##### #.#
.... .#.#
#......####.# ##..
.#.# #.####.#vzz.#
...P .#.# #.# #.#.####
#... ...# #.# #.#.#
#.##.P. ...# #.#
#.#.###### #.#...P
...######.#
#.......... .....P.
.......##.#
#.#.####### #..P..
.y<.......# #.#.#
#..P. #.........#
#.#.# #.P..
######.##.####.#.#
#..P.


You could see 2 wights.

Vanquished Creatures
  Maurice (D:9)
  2 komodo dragons
  A hornet (D:9)
  A troll (D:7)
  Prince Ribbit (D:6)
  8 yaks (D:9)
  A wyvern (D:9)
  2 humans (D:8)
  A basilisk (D:7)
  A steam dragon (D:7)
  Menkaure (D:6)
  A water moccasin (D:6)
  2 sky beasts
  An ice beast (D:6)
  A black bear (D:6)
  3 orc warriors
  An ogre (D:4)
  A centaur (D:7)
  A kobold brigand (D:9)
  9 bullfrogs
  Blork the orc (D:5)
  3 gnoll sergeants
  2 scorpions (D:7)
  7 wights (D:8)
  A water moccasin skeleton (D:4)
  A killer bee (D:8)
  2 howler monkeys (D:7)
  3 orc priests
  5 hounds
  2 jellies
  A sleepcap (D:6)
  Natasha (thrice) (D:4)
  6 orc wizards
  A scorpion zombie (D:4)
  A spectral hound (D:4)
  8 mummies (Ossuary)
  6 gnolls
  7 adders
  2 shadow imps
  2 white imps
  2 adder skeletons (D:4)
  An adder zombie (D:4)
  A worm (D:2)
  3 dart slugs
  29 orcs
  6 ball pythons
  5 endoplasms
  3 giant cockroaches
  2 gnoll zombies (Ossuary)
  3 goblins
  8 hobgoblins
  2 jackals (D:1)
  5 quokkas
  6 bats
  3 hobgoblin zombies (Ossuary)
  12 kobolds
  2 kobold zombies (Ossuary)
  An orc zombie (Ossuary)
  5 rats
203 creatures vanquished.

Vanquished Creatures (collateral kills)
  5 wights (D:8)
  An orc wizard (D:8)
6 creatures vanquished.

Grand Total: 209 creatures vanquished

Notes
Turn   | Place    | Note
-------+----------+-------------------------------------------
     0 | D:1      | Chiseanne the Octopode Wanderer began the quest for the
                  | Orb.
     0 | D:1      | Chiseanne set off with the following items: a +0 hand axe,
                  | a lightning rod (4/4), a +0 hat, a scroll of fear.
     0 | D:1      | Reached XP level 1. HP: 11/11 MP: 2/2
   200 | D:1      | Reached XP level 2. HP: 16/18 MP: 3/3
   204 | D:1      | Reached skill level 1 in Fighting
   208 | D:1      | Reached skill level 1 in Dodging
   489 | D:1      | Reached XP level 3. HP: 23/23 MP: 4/4
   918 | D:2      | Reached skill level 5 in Stealth
   918 | D:2      | Reached XP level 4. HP: 26/29 MP: 5/5
  1332 | D:3      | Found an ornate altar of the Wu Jian Council.
  1593 | D:3      | Noticed Tinttamiau's ghost (amateur DEAE)
  1598 | D:3      | Found a runed translucent door.
  1914 | D:3      | Found a stormy altar of Qazlal.
  2067 | D:3      | Found a faded altar of an unknown god.
  2068 | D:3      | Identified a scroll of acquirement
  2068 | D:3      | Acquired the +6 Majin-Bo {spellvamp, MP+6 Int+6}
  2068 | D:3      | Found the +6 Majin-Bo {spellvamp, MP+6 Int+6}
  2363 | D:4      | Noticed Natasha
  2505 | D:4      | Reached XP level 5. HP: 35/35 MP: 6/6
  2675 | D:4      | Learned a level 2 spell: Searing Ray
  2874 | D:4      | Noticed an ogre
  2882 | D:4      | Killed an ogre
  2883 | D:4      | Reached skill level 6 in Stealth
  3035 | D:4      | Killed Natasha
  3036 | D:4      | Reached XP level 6. HP: 38/42 MP: 7/7
  3099 | D:4      | Identified the +10 dagger "Pexifrysm" {pain, rC++}
  3203 | D:4      | Noticed Natasha
  3214 | D:4      | Killed Natasha
  3221 | D:4      | Noticed Natasha
  3227 | D:4      | Killed Natasha
  3236 | D:5      | Entered Level 5 of the Dungeon
  3286 | D:5      | Noticed Sigmund
  3340 | D:5      | Noticed Blork the orc
  3349 | D:5      | Killed Blork the orc
  3350 | D:5      | Reached skill level 7 in Stealth
  3350 | D:5      | Reached XP level 7. HP: 47/47 MP: 8/8
  3856 | D:5      | Found a hazy altar of Hepliaklqana.
  4142 | D:6      | Reached skill level 8 in Stealth
  4164 | D:6      | Reached skill level 5 in Fighting
  4164 | D:6      | Reached XP level 8. HP: 33/55 MP: 9/9
  4237 | D:6      | Found a blossoming altar of Fedhas.
  4277 | D:6      | Found a radiant altar of Vehumet.
  4287 | D:6      | Reached skill level 5 in Dodging
  4338 | D:6      | Found Sulum's Assorted Antiques.
  4365 | D:6      | Found a glowing silver altar of Zin.
  4374 | D:6      | Noticed Menkaure
  4379 | D:6      | Killed Menkaure
  4380 | D:6      | Reached skill level 9 in Stealth
  4396 | D:6      | Found an ancient bone altar of Kikubaaqudgha.
  4514 | D:6      | Found a sparkling altar of Nemelex Xobeh.
  4625 | D:6      | Noticed Prince Ribbit
  4630 | D:6      | Killed Prince Ribbit
  4631 | D:6      | Reached skill level 10 in Stealth
  4631 | D:6      | Reached XP level 9. HP: 63/63 MP: 10/10
  4643 | D:6      | Found Tutokk's Book Shop.
  4719 | D:7      | Identified the +10 glaive "Dunkeaq" {heavy, Str+7}
  4788 | D:7      | Found a large runed translucent door.
  4789 | D:7      | Found a large runed translucent door.
  4791 | D:7      | Found a large runed translucent door.
  4791 | D:7      | Found a large runed translucent door.
  4829 | D:7      | Noticed a komodo dragon
  4846 | D:7      | Killed a komodo dragon
  4934 | D:7      | Found a sand-covered staircase.
  4946 | Ossuary  | Entered an ossuary
  5371 | D:7      | Reached skill level 11 in Stealth
  5393 | D:7      | Found a staircase to the Ecumenical Temple.
  5409 | D:7      | Noticed a troll
  5418 | Temple   | Entered the Ecumenical Temple
  5438 | Temple   | Became a worshipper of Gozag Ym Sagoz the Greedy
  5527 | D:6      | Bought a potion of heal wounds for 115 gold pieces
  5527 | D:6      | Bought a metallic white potion for 20 gold pieces
  5527 | D:6      | Bought a blackened brass wand for 92 gold pieces
  5662 | D:8      | Reached XP level 10. HP: 60/72 MP: 14/14
  5723 | D:8      | Found a hide-covered altar of Uskayaw.
  5725 | D:8      | Noticed a +0 dagger
  5725 | D:8      | Noticed a +0 hand axe
  5810 | D:8      | Reached skill level 12 in Stealth
  5860 | D:8      | Found an iron altar of Okawaru.
  6048 | D:8      | Found a shimmering blue altar of Sif Muna.
  6443 | D:9      | Found a sacrificial altar of Ru.
  6621 | D:9      | Found a staircase to the Lair.
  6629 | D:9      | Reached skill level 13 in Stealth
  6654 | D:9      | Found a snail-covered altar of Cheibriados.
  6748 | D:9      | Reached XP level 11. HP: 67/80 MP: 18/18
  6752 | D:9      | Reached skill level 5 in Spellcasting
  7001 | D:9      | Noticed Maurice
  7014 | D:9      | Something stole a phial of floods (inert)
  7017 | D:9      | Something stole the +10 glaive "Dunkeaq" {heavy, Str+7}
  7019 | D:9      | Something stole an orb of energy
  7020 | D:9      | Killed Maurice
  7076 | D:9      | Slain by a wight

Illustrated notes

Levels and vault maps discovered:
D:1:      dpeg_arrival_line_fractal, layout_rooms
D:2:      layout_loops_ring
D:3:      layout_basic, nicolae_overflow_crystal_walls, grunt_qazlal_clouds,
          hellmonk_ghost_happy_afterlife, chequers_ecumenical_altar_grove,
          hex_intersection
D:4:      layout_gridville, dilly_guarded_unrand_morg
D:5:      layout_loops_corners, nicolae_hepliaklqana_hazy_memory, uniq_sigmund,
          uniq_blork_the_orc
D:6:      layout_rooms, nicolae_vehumet_radiance, fedhas_ov_isle_minmay,
          nemelex_xobeh_ov_fountains_minmay,
          mainiacjoe_overflow_large_starburst, serial_shops,
          nicolae_shop_back_alley_shop, shop, uniq_prince_ribbit1, uniq_menkaure
D:7:      layout_rooms, minmay_temple_entry_drinking_statues,
          mainiacjoe_ossuary_entry_dusty_tomb,
          hangedman_abyss_or_decor_lesser_grid, minmay_hollow_rounded_squares
D:8:      layout_rooms, okawaru_humans, tgw_sif, dancing_weapons_uskayaw,
          dreamdust_wishing_well
D:9:      layout_loops_ring, mainiacjoe_overflow_paths, kennysheep_slug_shrine,
          grunt_lair_entry_orc_guard_hut, eino_curves_03, uniq_maurice
Temple:   nicolae_temple_bog_church

Skill      XL: |  1  2  3  4  5  6  7  8  9 10 11 |
---------------+----------------------------------+-----
Fighting       | 1 2 3 5 6 7 9 |  9.2
Dodging        | 1 2 3 4 6 7 8 9 |  9.0
Stealth        | 5 6 7 8 10 11 13 | 13.3
Spellcasting   | 2 4 5 |  5.2
Axes           | |  2.0
Evocations     | |  4.3

Action                     |  1- 3 |  4- 6 |  7- 9 | 10-12 || total
---------------------------+-------+-------+-------+-------++-------
  Melee: Hand axe          |    60 |    35 |       |       ||    95
         Constrict         |    17 |    27 |    40 |    24 ||   108
         Tentacles         |    14 |    12 |    44 |    30 ||   100
         Bo                |       |    66 |   165 |   156 ||   387
         Punch             |       |       |     1 |     3 ||     4
         Unarmed           |       |       |       |    10 ||    10
  Throw: Dart              |       |    12 |     5 |     6 ||    23
  Evoke: Lightning rod     |       |     2 |    10 |     6 ||    18
         Wand              |       |       |       |     2 ||     2
         Phial of floods   |       |       |       |     1 ||     1
    Use: Scroll            |     4 |     6 |    10 |     5 ||    25
         Potion            |       |       |     1 |     1 ||     2
   Stab: Sleeping          |    15 |    13 |    17 |     6 ||    51
         Distracted        |       |     2 |       |     4 ||     6
 Armour: Skin              |    30 |    34 |    83 |   100 ||   247
  Dodge: Dodged            |    32 |    59 |    93 |   123 ||   307
   Form: Storm             |       |       |       |     1 ||     1

Table legend: (Time is in decaauts)
 A = Elapsed time spent in this place.
 B = Non-inter-level travel time spent in this place.
 C = Inter-level travel time spent in this place.
 D = Time resting spent in this place.
 E = Time spent auto-exploring this place.
 F = Levels seen in this place.
 G = Mean time per level.
                   A        B        C        D        E       F      G
               +--------+--------+--------+--------+--------+-----+--------+
         Total |   7180 |   6895 |    285 |    339 |   3808 |  11 |  652.7 |
       Dungeon |   6824 |   6577 |    247 |    291 |   3772 |   9 |  758.2 |
        Temple |     40 |      2 |     38 |      0 |      0 |   1 |   40.0 |
       Ossuary |    315 |    315 |      0 |     48 |     36 |   1 |  315.0 |
               +--------+--------+--------+--------+--------+-----+--------+

Top non-repeatable levels by time:
     D:3: 1026 daAuts
     D:4: 915 daAuts
     D:5: 894 daAuts
     D:7: 752 daAuts
     D:2: 739 daAuts
     D:9: 709 daAuts
     D:6: 626 daAuts
     D:1: 594 daAuts
     D:8: 565 daAuts
 Ossuary: 315 daAuts
  Temple: 40 daAuts
